 Dungeon Crawl Stone Soup version 0.27.1-34-g3ba077fa99 (webtiles) character file.

Game seed: 778623605163780249

3 comborobin the Sneak (level 1, 0/17 HPs)
             Began as a Vampire Delver on Jan 8, 2022.
             Killed from afar by an orc wizard (9 damage)
             ... with a puff of flame
             ... on level 4 of the Dungeon.
             The game lasted 00:00:22 (370 turns).

comborobin the Sneak (Vampire Delver)                Turns: 370, Time: 00:00:22

Health: 0/17       AC:  3    Str: 11    XL:     1   Next: 41%
Magic:  1/1        EV: 12    Int: 18    God:
Gold:   23         SH:  0    Dex: 15    Spells: 0/0 levels left

rFire    . . .     SeeInvis +   g - +0 bardiche
rCold    . . .     Faith    .   (shield currently unavailable)
rNeg     . . .     Spirit   .   a - +0 leather armour
rPois    .         Reflect  .   (no helmet)
rElec    .         Harm     .   (no cloak)
rCorr    .         Rampage  .   (no gloves)
Will     .....                  (no boots)
Stlth    +++.......             (no amulet)
HPRegen  0.25/turn              h - +6 ring of intelligence
MPRegen  0.07/turn              (no ring)

@: healing quickly
A: alive, fangs 3, see invisible, vampiric 1
a: Exsanguinate


You were on level 4 of the Dungeon.
You visited 1 branch of the dungeon, and saw 3 of its levels.

You collected 23 gold pieces.

Inventory:

Hand Weapons
 g - a +0 bardiche (weapon)
Armour
 a - a +0 leather armour (worn)
Jewellery
 h - a +6 ring of intelligence (left hand)
Wands
 f - a wand of digging (3)
Scrolls
 b - a scroll of fog
 d - a scroll of fear
Potions
 c - a potion of mutation {unknown}
 e - a potion of haste


   Skills:
 - Level 2.6 Fighting
 - Level 2.1 Dodging
 - Level 7.2 Stealth
 - Level 2.5 Unarmed Combat


You couldn't memorise any spells.
You didn't know any spells.
Your spell library was empty.

Dungeon Overview and Level Annotations

Branches:
Dungeon (6/15)
 Temple: D:4-7

Altars:


Innate Abilities, Weirdness & Mutations

Your natural rate of healing is accelerated.
You have razor-sharp teeth.
You have supernaturally acute eyesight. (SInv)
You are afflicted with vampirism.


Message History

You see here a +0 bardiche.
g - a +0 bardiche
g - a +0 bardiche (weapon)
HP restored.
Found 7 gold pieces.
Found a stone staircase leading up.
You start waiting.
Done waiting.
You now have 7 gold pieces.
Found 16 gold pieces.
You now have 23 gold pieces (gained 16).
Found a robe.
You see here a +0 robe.
Found a bronze ring.
Found a stone staircase leading down.
Found 15 gold pieces.
h - a +6 ring of intelligence No target in view!
You feel clever.
h - a +6 ring of intelligence (left hand)
An orc wizard comes into view. It is wielding a +0 dagger.
An orc wizard comes into view.
It is wielding a +0 dagger and wearing a +1 robe of positive energy.
There are monsters nearby!
The orc wizard shouts!
There are monsters nearby!
The orc wizard gestures at you while chanting.
You are confused.
You bump into the rock wall.
You feel less confused.
An orc comes into view. It is wielding a +0 club.
An orc comes into view. It is wielding a +0 trident.
The orc wizard gestures wildly while chanting.
The orc wizard flickers and vanishes for a moment.
The orc wizard gestures at you while chanting.
The magic dart hits you!
Ouch! That really hurt!
The orc wizard casts a spell at you.
The puff of flame misses the orc wizard.
The puff of flame hits you!
Ouch! That really hurt!
You die...

#....#####...#### #.#
.#..#............# #.#
#.###.#####.####.# #.# #.###.#
#.####.# #.# ......# .......# #[#
#.###.# ##<###..# ####.#
#.###.##.##.# #..#####....#####
#...........###....o.o........#
......##.#####<.@#####.######....
#####.##.# #........>o.# ##
#.##.# #.#...####..# #.##.#
#.##.## #$o....... #.##.# #.##.#
##.####### #.##.# #.##.# #.#
#.##.###.##.######..
#...................
####.#############...


You could see 2 orc wizards and an orc (wandering).

Vanquished Creatures
  An adder skeleton (D:4)
1 creature vanquished.

Notes
Turn   | Place    | Note
-------+----------+-------------------------------------------
     0 | D:5      | comborobin the Vampire Delver began the quest for the Orb.
     0 | D:5      | Reached XP level 1. HP: 17/17 MP: 1/1
   354 | D:4      | Noticed an orc wizard
   355 | D:4      | Noticed an orc wizard
   370 | D:4      | Killed from afar by an orc wizard

Illustrated notes

Levels and vault maps discovered:
D:4:      layout_loops_ring
D:5:      layout_basic, pf_just_have_faith, minmay_misc_feat_five, uniq_pikel
D:6:      layout_basic, grunt_temple_overflow_forces_of_nature

Action                   || total
-------------------------++-------
Melee: Unarmed           ||     5
       Bite              ||     1
  Use: Scroll            ||     2
Dodge: Dodged            ||     3
